Cogmind - Beta 17 @@@ ROGUE MODE // 2026.07.01 @ 21:22:51 Player: ToBeDefined Result: Destroyed by G-47 Trooper with Particle Gun Performance ------------- Evolutions (2) 1000 Regions Visited (5) 1000 Robots Destroyed (46) 230 Value Destroyed (870) 870 Prototype IDs (2) 40 Alien Tech Used (0) 0 Bonus (9492) 9492 TOTAL SCORE: 12632 Bonus ------- Follower Combat Kills 40 Prayed to X0-1V1 5000 Major X0-1V1 Interference 4500 Friendly Fire -48 Cogmind --------- Core Integrity 0/450 Matter 277/1300 Energy 1100/1100 System Corruption 0% Temperature Cool (18) Movement Core (50) Location -8/Materials Parts ------- > --- POWER (2) -------- (None) > --- PROPULSION (4) --- (None) > --- UTILITY (4) ------ (None) > --- WEAPON (1) ------- (None) > --- INVENTORY (5) ---- Armored Treads Makeshift Thermal Plating Assault Cannon Flak Cannon Peak State ------------ > --- POWER ------------ Improved Ion Engine Improved Ion Engine > --- PROPULSION ------- Light Treads Improved Treads Improved Treads Armored Treads > --- UTILITY ---------- Small Storage Unit Heavy Armor Plating X0-1V1's Piety Tracker > --- WEAPON ----------- Heavy Assault Rifle Mining Laser Axe > --- INVENTORY -------- Heat Sink Light Armor Plating Makeshift Thermal Plating [Rating: 38] Favorites ----------- Power Light Ion Engine Engine Light Ion Engine Propulsion Light Treads Treads Light Treads Utility Small Storage Unit Device X0-1V1's Piety Tracker Storage Small Storage Unit Protection Light Armor Plating Weapon Assault Rifle Energy Gun Medium Laser Ballistic Gun Assault Rifle Ballistic Cannon Assault Cannon Launcher Missile Launcher Special Weapon Mining Laser Slashing Weapon Axe Build | -11 -10 -10 -9 -9 -8 ------- Run | Yrd Mat Min Mat Min Mat Slots Evolved 4 | . . . 2 . 2 Power . | . . . . . . Propulsion 2 | . . . 2 . . Utility 2 | . . . . . 2 Weapon . | . . . . . . Parts Attached 37 | 7 6 2 9 6 7 Power 8 | 1 2 . 3 2 . Engine 8 | 1 2 . 3 2 . Core . | . . . . . . Reactor . | . . . . . . Propulsion 10 | 2 . 2 2 3 1 Treads 10 | 2 . 2 2 3 1 Leg . | . . . . . . Wheel . | . . . . . . Hover . | . . . . . . Flight . | . . . . . . Utility 6 | 2 2 . . . 2 Device 3 | 1 1 . . . 1 Storage 1 | 1 . . . . . Processor . | . . . . . . Hackware . | . . . . . . Protection 2 | . 1 . . . 1 Artifact . | . . . . . . Weapon 13 | 2 2 . 4 1 4 Energy Gun 2 | 1 . . 1 . . Energy Cannon . | . . . . . . Ballistic Gun 7 | 1 1 . 2 1 2 Ballistic Cannon 1 | . . . . . 1 Launcher 1 | . . . . . 1 Special Weapon 1 | . 1 . . . . Impact Weapon . | . . . . . . Slashing Weapon 1 | . . . 1 . . Piercing Weapon . | . . . . . . Special Melee Weapon . | . . . . . . Unidentified Prototypes 2 | . 1 . . . 1 Parts Lost 18 | . . . 3 4 11 Power 4 | . . . 1 1 2 Propulsion 6 | . . . 1 2 3 Utility 4 | . . . . . 4 Weapon 4 | . . . 1 1 2 Highest Loss Streak 10 | . . . 2 2 10 To Critical Strikes . | . . . . . . Average Backups 6 | 5 7 8 5 5 5 Power 1 | 2 2 2 . . . Propulsion 2 | 1 3 5 2 . . Utility 1 | . . . 2 4 2 Weapon 2 | 1 2 1 1 1 3 Tool/Special . | . . . . . . Unused Backups 10 | . 4 . 1 . 5 Power 1 | . 1 . . . . Propulsion 4 | . 2 . 1 . 1 Utility 2 | . . . . . 2 Weapon 2 | . 1 . . . 1 Tool/Special 1 | . . . . . 1 Average Slot Usage (%) 94 | . 100 91 94 92 87 Engine 14 | . 14 8 17 16 16 Treads 31 | . 28 28 36 33 33 Device 7 | . 4 14 9 9 10 Storage 10 | . 14 14 9 9 6 Protection 6 | . 9 . . . 7 Energy Gun 7 | . 14 12 2 . . Ballistic Gun 10 | . 13 14 11 14 2 Ballistic Cannon 1 | . . . . . 4 Slashing Weapon 1 | . . . 5 9 . Peak Build Rating 38 | 9 19 19 29 30 38 Average Rating 20 | 6 9 18 25 29 35 On Entrance 17 | . 9 19 18 26 30 Avg Prop Armor Cover (%) . | . . . . . . Naked Turns 4 | . . . . . 4 Heaviest Build 44 | 13 15 13 19 27 44 Greatest Support 86 | 40 40 40 80 86 86 Greatest Overweight (x) . | . . . . . . Average Overweight (x) . | . . . . . . Largest Inventory Capacity 8 | 8 8 8 8 8 8 Average Capacity 7 | 6 8 8 8 8 7 Most Carried 8 | 7 8 8 8 8 8 Average Carried 6 | 5 7 8 6 6 5 Final Capacity 8 | 8 8 8 8 8 5 Final Carried 8 | 7 8 8 8 6 4 Class Distribution -------------------- 74% | Mutant 19% | Scavenger-Mutant 6% | Scavenger-Tank Dominant Class ---------------- Mutant | -10/Materials Mutant | -10/Mines Mutant | -9/Materials Scavenger-Mutant | -9/Mines Mutant | -8/Materials Resources | -11 -10 -10 -9 -9 -8 ----------- Run | Yrd Mat Min Mat Min Mat Matter Collected 1180 | 285 169 78 510 59 79 Remotely . | . . . . . . Salvage Created 1180 | 139 366 68 194 110 303 Parts 92 | 9 29 8 12 8 26 Haulers Intercepted 3 | . 2 . . . 1 Recyclers Shooed . | . . . . . . Parts Field Recycled . | . . . . . . Retrieved Matter . | . . . . . . Parts Self-Destructed . | . . . . . . Prevented . | . . . . . . Parts Restored . | . . . . . . Kills | -11 -10 -10 -9 -9 -8 ------- Run | Yrd Mat Min Mat Min Mat Combat Hostiles Destroyed 34 | . 13 3 9 2 7 Guns 29 | . 13 3 9 2 2 AOE 5 | . . . . . 5 Classes Destroyed 10 | 2 5 . . 1 2 Worker 3 | . . . . . 3 Tunneler 2 | 2 . . . . . Hauler 3 | . 2 . . . 1 Recycler 1 | 1 . . . . . Operator 1 | . 1 . . . . Watcher 2 | . 2 . . . . Swarmer 22 | . 12 2 8 . . Grunt 5 | . 1 1 1 . 2 Duelist 1 | . . . . . 1 Sentry 6 | . . . . 2 4 Best Kill Streak 5 | 2 3 2 5 2 4 Combat Bots Only 5 | . 3 2 5 2 3 Max Kills in Single Turn 2 | 1 1 1 2 1 2 Gunslinging 1 | . . . 1 . . Exploded 2 | . . . . . 2 Melee . | . . . . . . Uniques/NPCs Destroyed . | . . . . . . Combat | -11 -10 -10 -9 -9 -8 -------- Run | Yrd Mat Min Mat Min Mat Hostile Shots Fired 325 | . 68 18 100 24 115 Missed 86 | . 18 7 28 6 27 Hits 239 | . 50 11 72 18 88 Melee 6 | . . . . . 6 Projectile 233 | . 50 11 72 18 82 AOE 7 | . . . . 7 . Critical Strikes 8 | . . . . 1 7 Damage Taken 3361 | . 406 98 701 406 1750 Core 652 | . 63 10 76 44 459 Absorbed by Shields . | . . . . . . Ignored by Resistances 24 | . . . . 24 . Core Remaining (%) 86 | 100 . 100 . 60 . Volleys Fired 150 | 5 53 8 34 11 39 Largest 3 | 2 2 2 2 2 3 Hottest 160 | 70 100 70 78 43 160 Shots Fired 243 | 7 104 17 41 21 53 Gun 205 | 7 102 17 41 21 17 Cannon 15 | . . . . . 15 Launcher 20 | . . . . . 20 Special 3 | . 2 . . . 1 Kinetic 136 | 5 51 8 19 21 32 Thermal 65 | 2 53 9 . . 1 Explosive 20 | . . . . . 20 Electromagnetic 22 | . . . 22 . . Robot Hit Streak 10 | 2 7 3 7 10 6 Robot Miss Streak 5 | 1 5 5 2 1 4 Penetration Max . | . . . . . . Secondary Targets 6 | . 4 . 1 1 . Max Gunslinging Chain 1 | . 1 . 1 1 . Shots Hit Robots 114 | 4 48 6 25 17 14 Core Hits 70 | 4 21 4 9 8 24 Critical Kills . | . . . . . . Critical Parts Destroyed . | . . . . . . Critical Strikes 5 | . 5 . . . . Burn 5 | . 5 . . . . Melee Attacks . | . . . . . . Impact . | . . . . . . Slashing . | . . . . . . Piercing . | . . . . . . Sneak Attacks . | . . . . . . Combat Hostiles . | . . . . . . Follow-up Attacks . | . . . . . . Damage Inflicted 2301 | 49 660 80 410 206 896 Guns 1502 | 49 660 80 410 206 97 Cannons 44 | . . . . . 44 Explosions 755 | . . . . . 755 Melee . | . . . . . . Ramming . | . . . . . . Kinetic 873 | 23 310 28 165 206 141 Thermal 428 | 26 350 52 . . . Explosive 755 | . . . . . 755 Electromagnetic 245 | . . . 245 . . Impact . | . . . . . . Slashing . | . . . . . . Piercing . | . . . . . . Highest Corruption 4 | . . 4 . . . Average Corruption 4 | . . 4 . . . Corruption Purged . | . . . . . . Corruption Blocked . | . . . . . . Overload Shots . | . . . . . . Overflow Damage 52 | . . . . . 52 Projectiles . | . . . . . . Explosions 52 | . . . . . 52 Melee . | . . . . . . Knockbacks . | . . . . . . Impact . | . . . . . . Kinetic . | . . . . . . Secondary . | . . . . . . Self-Inflicted Damage 332 | . . . . . 332 Shots 8 | . . . . . 8 Rammed . | . . . . . . Targets Rammed . | . . . . . . Kicked . | . . . . . . Crushed . | . . . . . . Highest Temperature 306 | 9 126 27 306 48 49 Average Temperature 40 | 6 36 11 93 17 17 Received Heat Transfer 723 | . 24 18 6 90 585 Siege Activations . | . . . . . . Martial Activations . | . . . . . . Shielding Activations . | . . . . . . Robots Disrupted . | . . . . . . Combat Hostiles . | . . . . . . Robots Corrupted . | . . . . . . Combat Hostiles . | . . . . . . Parts Fried 1 | . . . 1 . . Impact Corruptions . | . . . . . . Robots Melted . | . . . . . . Combat Hostiles . | . . . . . . Parts Melted 4 | . 4 . . . . Heat Transferred 1628 | 74 1406 148 . . . Parts Sabotaged . | . . . . . . Parts Stolen . | . . . . . . Parts Stripped . | . . . . . . Power Chain Reactions . | . . . . . . Alert | -11 -10 -10 -9 -9 -8 ------- Run | Yrd Mat Min Mat Min Mat Maximum Alert Level 1 | . . 1 1 . 1 Low Security (%) 86 | 100 100 36 45 100 86 Level 1 13 | . . 63 54 . 13 Level 2 . | . . . . . . Level 3 . | . . . . . . Level 4 . | . . . . . . Level 5 . | . . . . . . High Security . | . . . . . . Max Security . | . . . . . . Peak Influence 384 | 5 180 249 384 128 273 Initial 118 | . . 29 89 118 . Average 85 | . 65 173 218 68 60 Influence Increases 1534 | 15 344 260 415 40 460 Destroy 0b10 Robot/C 820 | . 260 60 320 40 140 Destroy 0b10 Robot/NC 60 | 15 25 . . . 20 Destroy Leader 190 | . 48 20 70 . 52 Allied During Kill 7 | . . . 7 . . Successful Hack 8 | . 8 . . . . Disable Machine 90 | . . . . . 90 Destroy Structure 164 | . 3 . 3 . 158 Lose Combat Pursuer 15 | . . . 15 . . Miscellaneous 180 | . . 180 . . . Influence Decreases 1347 | 15 268 107 340 344 273 Entered New Map 373 | . . 47 140 186 . Time Decay 774 | 15 268 60 150 118 163 Lost Part 180 | . . . 30 40 110 Lost Ally 20 | . . . 20 . . Squads Dispatched 5 | . . 1 3 . 1 Investigation 2 | . . 1 1 . . Extermination . | . . . . . . Reinforcement 3 | . . . 2 . 1 Assault . | . . . . . . Garrison . | . . . . . . Intercept . | . . . . . . Searches Triggered . | . . . . . . Construction Impeded 1 | . . . . . 1 Haulers Reinforced . | . . . . . . Active Scanning Responses . | . . . . . . Cargo Convoy Interrupts . | . . . . . . Stealth | -11 -10 -10 -9 -9 -8 --------- Run | Yrd Mat Min Mat Min Mat Distress Signals 2 | . 1 . 1 . . Communications Jammed . | . . . . . . Distress Signals . | . . . . . . Times Spotted 65 | . 24 4 15 3 19 Peak Tracking Total 10 | . 4 3 8 2 10 Tactical Retreats 1 | . . . 1 . . Traps | -11 -10 -10 -9 -9 -8 ------- Run | Yrd Mat Min Mat Min Mat Traps Triggered 1 | . . . . . 1 Indirectly . | . . . . . . Trap Hack Attempts . | . . . . . . Triggered . | . . . . . . Disarmed . | . . . . . . Reprogrammed . | . . . . . . Reused . | . . . . . . Traps Extracted . | . . . . . . Installed . | . . . . . . Triggered . | . . . . . . Machines | -11 -10 -10 -9 -9 -8 ---------- Run | Yrd Mat Min Mat Min Mat Machines Disabled 6 | . . . . . 6 Max in Single Turn 2 | . . . . . 2 Machines Repaired . | . . . . . . Machines Dismantled . | . . . . . . Machines Sabotaged . | . . . . . . Overloaded Fab Kills . | . . . . . . Hacking | -11 -10 -10 -9 -9 -8 --------- Run | Yrd Mat Min Mat Min Mat Machines Accessed 7 | . 7 . . . . Terminals 5 | . 5 . . . . Fabricators . | . . . . . . Repair Stations . | . . . . . . Recycling Units 2 | . 2 . . . . Scanalyzers . | . . . . . . Garrison Access . | . . . . . . Total Hacks 9 | . 9 . . . . Successful 5 | . 5 . . . . Failed 4 | . 4 . . . . Catastrophic . | . . . . . . Database Lockouts . | . . . . . . Manual 5 | . 5 . . . . Terminals 5 | . 5 . . . . Fabricators . | . . . . . . Repair Stations . | . . . . . . Recycling Units 4 | . 4 . . . . Scanalyzers . | . . . . . . Garrison Access . | . . . . . . Terminal Hacks 3 | . 3 . . . . Branch Access Points 1 | . 1 . . . . Hauler Manifests 1 | . 1 . . . . Zone Layout 1 | . 1 . . . . Fabricator Hacks . | . . . . . . Repair Station Hacks . | . . . . . . Recycling Unit Hacks 2 | . 2 . . . . Report Inventory 1 | . 1 . . . . Retrieve Components 1 | . 1 . . . . Scanalyzer . | . . . . . . Garrison Access Hacks . | . . . . . . Unauthorized Hacks . | . . . . . . Terminals . | . . . . . . Fabricators . | . . . . . . Repair Stations . | . . . . . . Recycling Units . | . . . . . . Scanalyzers . | . . . . . . Garrison Access . | . . . . . . Data Cores Recovered 1 | . 1 . . . . Used . | . . . . . . Hacking Detections 4 | . 4 . . . . Full Trace Events . | . . . . . . Feedback Events . | . . . . . . Feedback Blocked . | . . . . . . Robot Schematics Acquired . | . . . . . . Robots Built . | . . . . . . Authchips . | . . . . . . Time . | . . . . . . Total Robot Build Rating . | . . . . . . Part Schematics Acquired . | . . . . . . Parts Built . | . . . . . . Authchips . | . . . . . . Time . | . . . . . . Total Part Build Rating . | . . . . . . Part Studies Acquired . | . . . . . . Parts Repaired . | . . . . . . Time . | . . . . . . Parts Recycled . | . . . . . . Recycled Matter . | . . . . . . Retrieved Matter . | . . . . . . Retrieved Components 3 | . 3 . . . . Parts Scanalyzed . | . . . . . . Part Schematics Acquired . | . . . . . . Parts Damaged . | . . . . . . Bothacking | -11 -10 -10 -9 -9 -8 ------------ Run | Yrd Mat Min Mat Min Mat Used RIF Installer . | . . . . . . Robots Hacked . | . . . . . . Non-combat . | . . . . . . Combat . | . . . . . . Robot Hacks Applied . | . . . . . . Relay Couplers Released . | . . . . . . Fabnet Peak Effective % . | . . . . . . Robots Rewired . | . . . . . . Allies Hacked . | . . . . . . Hacks Repelled . | . . . . . . Allies | -11 -10 -10 -9 -9 -8 -------- Run | Yrd Mat Min Mat Min Mat Total Allies 2 | . . . 2 . . Largest Group 1 | . . . 1 . . Highest-Rated Group 90 | . . . 90 . . Highest-Rated Ally 90 | . . . 90 . . Total Orders . | . . . . . . Ally Attacks 19 | . . . 19 . . Total Damage 683 | . . . 683 . . Kills 7 | . . . 7 . . Allies Corrupted . | . . . . . . Allies Melted . | . . . . . . X0-1V1 Amusement Gains 135 | . 4 . 20 70 41 Good Acts 35 | . . 12 15 4 4 Bad Acts 26 | . 2 10 13 . 1 Intel | -11 -10 -10 -9 -9 -8 ------- Run | Yrd Mat Min Mat Min Mat Active Infowar (turns) 153 | 80 73 . . . . Terrain 153 | 80 73 . . . . Robot Analysis Total . | . . . . . . Derelict Logs Recovered 1 | . . . . 1 . Drone Launches . | . . . . . . Drone Recoveries . | . . . . . . Exploration | -11 -10 -10 -9 -9 -8 ------------- Run | Yrd Mat Min Mat Min Mat Turns Passed 2427 | 177 974 128 319 260 569 Spaces Moved 1173 | 94 485 63 131 135 265 Core 2 | 2 . . . . . Treads 1171 | 92 485 63 131 135 265 Legs . | . . . . . . Wheels . | . . . . . . Hover . | . . . . . . Flight . | . . . . . . Fastest Speed 50 | 50 160 160 160 160 160 Average Speed 160 | 157 160 160 160 160 161 Slowest Speed 163 | 160 160 160 160 160 163 Overloaded Moves . | . . . . . . Propulsion Burnouts . | . . . . . . Robots Hopped . | . . . . . . Potential Cave-ins . | . . . . . . Cave-ins Triggered . | . . . . . . Exploration Rate (%) 37 | 4 86 36 21 38 37 Regions Visited 5 Branch Regions 2 Pre-discovered Areas . | . . . . . . Known Exits Taken 3 | . 1 1 1 . . Unknown Exits Taken 2 | 1 . . . 1 . Scrap Searched . | . . . . . . Spaces Dug 34 | . 2 . . . 32 Terrain Destroyed 178 | . 2 . . . 176 Melee . | . . . . . . Projectile 3 | . 2 . . . 1 AOE 175 | . . . . . 175 Terrain Rammed . | . . . . . . Walls Destroyed . | . . . . . . Machines Disabled . | . . . . . . Actions | -11 -10 -10 -9 -9 -8 --------- Run | Yrd Mat Min Mat Min Mat Total 1471 | 112 577 74 198 161 349 Wait 67 | . 18 1 19 8 21 Move 1168 | 93 484 62 130 134 265 Hop . | . . . . . . Pick Up 29 | 7 7 . 5 . 10 Fast Attach 12 | 7 . . 2 2 1 Attach 13 | . 1 . 6 2 4 Detach . | . . . . . . Swap 16 | . 6 2 1 2 5 Drop 15 | . 8 1 . 2 4 Fire 150 | 5 53 8 34 11 39 Melee . | . . . . . . Ram . | . . . . . . Kick . | . . . . . . Crush . | . . . . . . Escape Stasis 1 | . . . 1 . . Rewire . | . . . . . . Trap . | . . . . . . Miscellaneous . | . . . . . . Route ------- -11/Scrapyard -10/Materials (discovered 5 exits: *Mat x2 / *Min x2 / [*Sub]) -10/Mines -9/Materials (discovered 2 exits: *Min x2) -9/Mines (discovered 2 exits: [*Mat x2]) -8/Materials (discovered 1 exit: Fac) History --------- Turn | Location | Event 13 | -11/Scrapyard | Discovered new exit (range 15) 178 | -11/Scrapyard | Entered Materials 198 | -10/Materials | Identified exit to Mines 317 | -10/Materials | Build established: Mutant 608 | -10/Materials | Discovered new exit (range 15) 844 | -10/Materials | Discovered new exit (range 12) 931 | -10/Materials | Discovered new exit (range 6) 944 | -10/Materials | Prayed at D.C.S.S. Altar Unit 1014 | -10/Materials | X0-1V1 announced a LAN party 1078 | -10/Materials | Derelicts attacked the area 1152 | -10/Materials | Entered Mines 1152 | -10/Mines | Energy capacity permanently improved by X0-1V1 (+200; -100 max core) 1159 | -10/Mines | X0-1V1 activates XOMVISION 1187 | -10/Mines | X0-1V1 added 0b10 threat records associated with you (considerable) 1216 | -10/Mines | Core integrity permanently improved by X0-1V1 (+200) 1256 | -10/Mines | Identified exit to Materials 1256 | -10/Mines | X0-1V1 revealed exit location to -9/Materials 1259 | -10/Mines | X0-1V1 vaporized surrounding terrain (radius 23) 1267 | -10/Mines | X0-1V1 mutated your Weapon slot to Power slot 1278 | -10/Mines | Matter capacity permanently improved by X0-1V1 (+400; -200 max core) 1280 | -10/Mines | Entered Materials 1280 | -9/Materials | Evolved 2 slots: Propulsion x2 1297 | -9/Materials | X0-1V1 foreshadows a heat wave 1307 | -9/Materials | X0-1V1 announced a LAN party 1308 | -9/Materials | X0-1V1 released a cloud of subatomizers 1323 | -9/Materials | X0-1V1 sent you to a vault 1337 | -9/Materials | Identified exit to Mines 1337 | -9/Materials | X0-1V1 revealed exit location to -9/Mines 1376 | -9/Materials | X0-1V1 turns hostiles against one another 1389 | -9/Materials | X0-1V1 sent allied H-61 Shepherd (x1) 1396 | -9/Materials | X0-1V1 vaporized surrounding terrain (radius 18) 1396 | -9/Materials | Discovered new exit (range 20) 1401 | -9/Materials | X0-1V1 tapped a No Entrance sign 1412 | -9/Materials | Weapon slot count temporarily expanded by X0-1V1 (+2) 1551 | -9/Materials | Ambient heat levels rising (+10) 1594 | -9/Materials | Discovered exit to Mines (range 3) 1599 | -9/Materials | Entered Mines 1645 | -9/Mines | Met a Derelict bent on vengeance 1698 | -9/Mines | Learned location of 1 exit from Materials 1708 | -9/Mines | YI-UF0 nonchalantly dropped a Grenade Launcher on the ground 1732 | -9/Mines | Discovered new exit (range 11) 1772 | -9/Mines | X0-1V1 whisked you away to safety 1832 | -9/Mines | Discovered new exit (range 16) 1859 | -9/Mines | Entered Materials 1859 | -8/Materials | Evolved 2 slots: Utility x2 1860 | -8/Materials | Identified exit to Factory 2055 | -8/Materials | X0-1V1 activates XOMVISION 2421 | -8/Materials | Core integrity fell below 50% 2427 | -8/Materials | Core integrity fell below 20% 2428 | -8/Materials | Destroyed by G-47 Trooper with Particle Gun Last Messages --------------- 02420_ The unstable cave ceiling collapses. 02420_ K-01 Serf collects debris. 02420_ Imp. Treads destroyed. 02420_ Critical hit (Burn: +37). 02420_ Slug penetrates G-47 Trooper. 02420_ K-01 Serf collects debris. 02420_ K-01 Serf destroyed. 02422_ K-01 Serf collects debris. 02422_ Lgt. Treads destroyed. 02422_ R-06 Scavenger collects Lgt. Nuclear Core. 02423_ Penetrated by Slug. 02423_ Heat Sink destroyed. 02423_ K-01 Serf destroyed. 02423_ K-01 Serf collects debris. 02424_ Slug penetrates Wall. 02424_ Arm. Treads destroyed. 02424_ K-01 Serf collects debris. 02426_ Penetrated by Slug. 02428_ X0-1V1 laughs nastily! Map ----- +----------------------------------------------------+ | ?????????????????????????????????????????????????? | | ?????????????????????????????????????????????????? | | ???????????????????????? ????????????????????????? | | ???????????????????????? ?????????????????????? | | ???????????????????????? # ??????????????????? | | ####???????????????????? "??????????????????? | | #???#???##????####### ""?????????????????? | | #???# ### ##### "??????????????????? | | #####+# ## ??????????????????? | | #? / # # ???????????????????? | | #""" ! # [ ????????????????????? | | #""" # #????????????????????? | | #""" # #????????????????????? | | # # # ##???????????????????? | | #""" # # # ##########??????????? | | ####""" # # u ??????????? | | #""" ] % k= ?????????? | | # u m % ^ ^ g ?????????? | | #""" ] g ?????????? | | #""" # # ^ g ?????????? | | #""" ! ### ####### a ! """" ???????????? | | # ???# #?????#"""r! """?????????????? | | #############+#####?#"R ! ! """" ?????????? | | # #?#" % h ????????? | | T + #?#### k ????????? | | " """ # """ """ #????# @ ????????? | | " """ # """ """ #????#hg ????????? | | " """ # """ """ #????# g ##########??????????? | | # #????# ##????????Y??????????? | | # #????# r#????????????????????? | | #### ! #????# #????????????????????? | | ###??####+# ##????# +????????????????????? | | [ # ##### % ????? # ???????????????????? | | / !* ????? # ????r??????????????? | | [ %! ????? #?#??????????????????? | | %! [ #??????## #????????????????????? | | # ###### #???????? w #????????????????????? | | #??#? ?#???????? #????????????????????? | | """ #??????#?????????o #????????????????????? | | """ ! #????????????!???? ????????????????????? | | " #????????????????? ?????????????????????? | | "" #?????????????????????????????????????????? | | ! """#??????????!??????????????????????????????? | | ! ! ?"#?????????????????????????????????????????? | | ! ??????????????????????????????????????????????? | | ????????????????????????????????????????????????? | | ?????????????????????????????????????????????????? | | ?????????????????????????????????????????????????? | | ?????????????????????????????????????????????????? | | ?????????????????????????????????????????????????? | +----------------------------------------------------+ Best States ------------- Heat Dissipation 82 Energy Generation 39 Energy Capacity 1430 Matter Stores 699 Matter Capacity 1300 Sight Range 21 Terrain Scan Range 16 Terrain Scan Density 10 Armor Coverage 600 Resistance: TH 20 Evasion (%) 40 Recoil Reduction 4 Item Schematics ----------------- None Robot Schematics ------------------ None Fabricated ------------ Nothing Repaired ---------- Nothing Studied --------- None Alien Tech Used ----------------- None Achievements -------------- Chaos Is Inevitable Resistances Are Futile Challenges ------------ None Game ------ Seed TitaniumNavigationCompressor Manual? 0 Play Time 00:29:50 Cumulative 40.8 hours Start 2026.07.01 @ 20:55:19 End 2026.07.01 @ 21:22:51 Sessions 1 Manual Loads 0 Difficulty Rogue Special Mode None Game No. 38 Rogue 38 Adventurer 0 Explorer 0 Win Type - Total 0 Types 0/0/0/0/0/0/0/0/0/0 Lore% 20 Gallery% 19 Achievement% 17 Wizard Run 0 Options --------- Layout 1 ASCII 0 Keyboard 0 Movement Mouse Keybinds 0 Fullscreen 1 Font 24/Smallcaps Map View 50x35 Zoom Use 0% Tactical HUD 1 Map Filters NONE Filters NONE Steam 1 RUN: 8927a3a8-5794-45dd-94a6-e11ce8ec38b9